 Dungeon Crawl Stone Soup version 0.29-a0-25-g7f48f510a0 (webtiles) character file.

Game seed: 2262909415161126456

26 dolemite99 the Ruffian (level 3, -5/31 HPs)
             Began as a Ghoul Chaos Knight on Feb 1, 2022.
             Was a Follower of Dithmenos.
             Slain by Sigmund (6 damage)
             ... on level 2 of the Dungeon.
             The game lasted 00:01:06 (1303 turns).

dolemite99 the Ruffian (Ghoul Chaos Knight)         Turns: 1303, Time: 00:01:07

Health: -5/31      AC:  8    Str: 17    XL:     3   Next: 8%
Magic:  2/2        EV: 11    Int:  7    God:    Dithmenos [*.....]
Gold:   45         SH:  0    Dex:  8    Spells: 2/2 levels left

rFire   + . .      SeeInvis .     - Unarmed
rCold   + + .      Faith    .   (no shield)
rNeg    + + +      Spirit   .   a - +2 leather armour
rPois   ∞          Reflect  .   (no helmet)
rElec   +          Harm     .   (no cloak)
rCorr   +          Rampage  .   e - +2 pair of gloves
Will    .....                   (no boots)
Stlth   +.........              (no amulet)
HPRegen 0.00/turn               (no ring)
MPRegen 0.08/turn               (no ring)

@: resistant, attractive, inhibited regen, wreathed by umbra
A: claws 1, cold resistance 1, negative energy resistance 3, inhibited
regeneration, torment resistance 2
a: Renounce Religion


You were on level 2 of the Dungeon.
You worshipped Dithmenos.
Dithmenos was aware of your devotion.
You visited 1 branch of the dungeon, and saw 2 of its levels.

You collected 45 gold pieces.

Inventory:

Armour
 a - a +2 leather armour (worn)
 e - a +2 pair of gloves (worn)
Scrolls
 c - 4 scrolls of identify {unknown}
 f - a scroll of teleportation {unknown}


   Skills:
 - Level 3.2 Fighting
 - Level 1.7 Armour
 - Level 0.8 Dodging
 + Level 4.6 Unarmed Combat


You had 2 spell levels left.
You didn't know any spells.
Your spell library was empty.

Dungeon Overview and Level Annotations

Branches:
Dungeon (2/15)

Altars:
Dithmenos

Annotations:
D:2 Sigmund


Innate Abilities, Weirdness & Mutations

You thrive by killing the living.
You are immune to poison.
You have sharp fingernails.
Your flesh is cold resistant. (rC+)
You are immune to negative energy. (rN+++)
You do not regenerate when monsters are visible.
You are immune to unholy pain and torment.


Message History

You hit Sigmund.
Sigmund is moderately wounded.
The quokka closely misses you.
You closely miss Sigmund.
Sigmund is moderately wounded.
The quokka closely misses you. Sigmund closely misses you.
You punch Sigmund!
Sigmund is heavily wounded.
The quokka barely misses you.
Sigmund mumbles some strange words.
Sigmund flickers and vanishes!
Deactivating autopickup; reactivate with Ctrl-A.
You closely miss something.
The quokka bites you but does no damage.
Something hits you.
You hit something. The quokka barely misses you.
You hit something. Your punch misses something. The quokka bites you.
Something hits you. The quokka closely misses you.
You hit something. The quokka bites you.
You barely miss something. Something hits you.
The quokka twitches its whiskers.
The quokka barely misses you.
You closely miss something. The quokka bites you. Something hits you.
* * * LOW HITPOINT WARNING * * *
It was a potion of resistance.
You feel protected.
The quokka bites you but does no damage.
It was a potion of attraction.
You feel attractive to monsters. The quokka closely misses you.
Something hits you.
* * * LOW HITPOINT WARNING * * *
It was a potion of lignification.
You feel woody for a moment. The quokka barely misses you.
You hear some strange, mumbled words.
A magic dart appears from out of thin air!
The magic dart hits you.
* * * LOW HITPOINT WARNING * * *
You punch something! The quokka barely misses you.
You closely miss something. The quokka misses you. Something hits you.
You die...

#.##.#.##.###.#.###.#...#.#######
..##..............#.#............
####...##.###.##.<.........######
...........#.............#
###...##...###............#
##.####.## ##.#.......#.# #.# ##.
##.S..........# #.
#..#.#{##.....####
##....>@.......# ......r.####.###
#####(....##.# #.....##.#
#........ .......#### ###.....#
#######


You could see a quokka and a ball python.

Vanquished Creatures
  A gnoll (D:2)
  A bat (D:1)
  An endoplasm (D:1)
  2 giant cockroaches (D:1)
  4 goblins
  2 kobolds
  A quokka (D:1)
  2 frilled lizards (D:1)
  2 rats (D:2)
16 creatures vanquished.

Notes
Turn   | Place    | Note
-------+----------+-------------------------------------------
     0 | D:1      | dolemite99 the Ghoul Chaos Knight began the quest for the
                  | Orb.
     0 | D:1      | Reached XP level 1. HP: 19/19 MP: 0/0
   216 | D:1      | Reached XP level 2. HP: 26/26 MP: 1/1
   235 | D:1      | Reached skill level 4 in Unarmed Combat
   674 | D:1      | XOM: divination: magic mapping
   703 | D:1      | Found a faded altar of an unknown god.
   710 | D:1      | Prayed at the altar of an unknown god.
   710 | D:1      | Fell from the grace of Xom
   710 | D:1      | Became a worshipper of Dithmenos the Shadowed
   710 | D:1      | Reached * piety under Dithmenos
  1040 | D:2      | Reached XP level 3. HP: 16/31 MP: 2/2
  1074 | D:2      | XOM: noise
  1101 | D:2      | Noticed Sigmund
  1284 | D:2      | XOM: 2-stop teleportation journey
  1301 | D:2      | HP: 1/31 [something/magic dart (5)]
  1303 | D:2      | Slain by Sigmund

Illustrated notes

Levels and vault maps discovered:
D:1:      eino_arrival_druids_welcome, layout_loops_ring,
          dreamdust_ecumenical_altar_hidden_monk_grotto, hex_tiny,
          columned_hall_lemuel
D:2:      minmay_skewed_foursquare, layout_loops_ring,
          small_statue_intersection, uniq_sigmund

Skill      XL: |  1  2 |
---------------+-------+-----
Unarmed Combat | 4 |  4.6
Fighting       | |  3.2
Armour         | |  1.7
Dodging        | |  0.8

Action                   || total
-------------------------++-------
Melee: Unarmed           ||    82
       Punch             ||     2
  Use: Potion            ||     3
Armor: Leather armour    ||    25
Dodge: Dodged            ||    58

Table legend: (Time is in decaauts)
 A = Elapsed time spent in this place.
 B = Non-inter-level travel time spent in this place.
 C = Inter-level travel time spent in this place.
 D = Time resting spent in this place.
 E = Time spent auto-exploring this place.
 F = Levels seen in this place.
 G = Mean time per level.
                   A        B        C        D        E       F      G
               +--------+--------+--------+--------+--------+-----+--------+
         Total |   1296 |   1275 |     21 |    199 |    888 |   2 |  648.0 |
       Dungeon |   1296 |   1275 |     21 |    199 |    888 |   2 |  648.0 |
               +--------+--------+--------+--------+--------+-----+--------+

Top non-repeatable levels by time:
     D:1: 891 daAuts
     D:2: 404 daAuts
